 Dungeon Crawl Stone Soup version 0.30-a0-269-gf0224bf7b6 (webtiles) character file.

Game seed: 14304945790766937313

35248 Sobieck the Fighter (level 13, 0/129 HPs)
             Began as an Ogre Summoner on Oct 14, 2022.
             Was a High Priest of Hepliaklqana.
             Killed by an exploding themself (16 damage)
             ... ignited by their inner flame
             ... on level 12 of the Dungeon.
             The game lasted 00:50:20 (21724 turns).

Sobieck the Fighter (Ogre Summoner)                Turns: 21724, Time: 00:50:21

Health: 0/129      AC:  5    Str: 15    XL:     13   Next: 82%
Magic:  20/27      EV: 10    Int: 20    God:    Hepliaklqana [*****.]
Gold:   727        SH:  0    Dex:  9    Spells: 15/32 levels left

rFire   . . .      SeeInvis .    H - +2 giant spiked club {mace}
rCold   . . .      Faith    .    (shield currently unavailable)
rNeg    + + .      Spirit   .    m - +1 robe
rPois   .          Reflect  .    T - +1 hat
rElec   .          Harm     .    (no cloak)
rCorr   .          Rampage  .    (gloves unavailable)
Will    +....                    (boots unavailable)
Stlth   +.........               P - amulet of magic regeneration {@e2}
HPRegen 0.41/turn                y - ring of positive energy
MPRegen 0.60/turn                j - ring of positive energy

@: lethally poisoned (0 -> -106)
A: reduced essence, large, unfitting armour, tough skin 1
a: Renounce Religion, Recall Ancestor, Ancestor Identity, Transference, Idealise


You were on level 12 of the Dungeon.
You worshipped Hepliaklqana.
Hepliaklqana was extremely pleased with you.
You visited 3 branches of the dungeon, and saw 18 of its levels.
You also visited: Ice Cave.

You collected 1006 gold pieces.
You spent 279 gold pieces at shops.


Innate Abilities, Weirdness & Mutations

Your life essence is reduced to manifest your ancestor. (-10% HP)
You are too large for most types of armour.
You have tough skin. (AC +1)


   Skills:
 + Level 13.2 Fighting
 + Level 12.1 Maces & Flails
 + Level 2.6 Dodging
 - Level 1.4 Stealth
 - Level 10.0 Spellcasting
 - Level 3.0 Hexes
 + Level 8.2 Summonings
 - Level 7.0 Air Magic
 + Level 1.4 Earth Magic
 + Level 8.3 Invocations


You had 15 spell levels left.
You knew the following spells:

 Your Spells              Type           Power      Damage    Failure   Level
a - Call Canine Familiar  Summ           42%        N/A       1%          3
b - Summon Guardian Gole  Hex/Summ       32%        N/A       1%          3
c - Summon Lightning Spi  Summ/Air       40%        N/A       3%          4
d - Call Imp              Summ           42%        N/A       1%          2
e - Summon Small Mammal   Summ           100%       N/A       1%          1
f - Animate Armour        Summ/Erth      58%        N/A       10%         4

Your spell library contained the following spells:

 Spells                   Type           Power      Damage    Failure   Level
 Sandblast                Erth           30%        2d9       3%          1
 Ensorcelled Hibernation  Hex/Ice        32%        N/A       5%          2
 Tukima's Dance           Hex            22%        N/A       6%          3
 Passwall                 Tmut/Erth      10%        N/A       8%          2
 Kindle Blastsparks       Fire/Tloc/Air  38%        2d13      9%          3
 Inner Flame              Hex/Fire       16%        N/A       11%         3
 Stone Arrow              Conj/Erth      24%        3d8       16%         3
 Ignite Poison            Fire/Tmut/Pois 10%        N/A       21%         3
 Spider Form              Tmut/Pois      10%        N/A       21%         3
 Anguish                  Hex/Necr       8%         N/A       36%         4
 Animate Dead             Necr           10%        N/A       56%         4
 Flame Wave               Conj/Fire      10%        2d6       56%         4
 Passage of Golubria      Tloc           10%        N/A       56%         4
 Sticky Flame             Conj/Fire      10%        2d3       56%         4
 Freezing Cloud           Conj/Ice/Air   9%         6-21      58%         5
 Yara's Violent Unravell  Hex/Tmut       8%         3d5       71%         5
 Blade Hands              Tmut           5%         N/A       88%         5
 Fireball                 Conj/Fire      5%         3d5       88%         5
 Irradiate                Conj/Tmut      5%         3d13      88%         5
 Iskenderun's Battlesphe  Conj           10%        2d6       88%         5
 Conjure Ball Lightning   Conj/Air       12%        3x3d6     94%         6
 Dragon Form              Tmut           5%         N/A       100%        7
 Haunt                    Necr/Summ      13%        N/A       100%        7
 Orb of Destruction       Conj           5%         9d5       100%        7
 Infestation              Necr           5%         N/A       100%        8
 Lehudib's Crystal Spear  Conj/Erth      6%         10d3      100%        8

Inventory:

Hand Weapons
 a - a +0 giant club {mace}
   (You took it off an ogre on level 4 of the Dungeon)
 g - a +1 whip {mace}
   (You found it on level 1 of the Dungeon)
 B - a +0 vorpal scimitar {long}
   (You took it off an orc warrior on level 10 of the Dungeon)
 F - a +0 vorpal hand axe {axe}
   (You took it off an orc warrior on level 10 of the Dungeon)
 G - a +2 dagger of speed {short}
   (You took it off an orc wizard on level 5 of the Dungeon)
 H - a +2 giant spiked club (weapon) {mace}
   (You took it off a two-headed ogre on level 11 of the Dungeon)
 Q - a +4 short sword of draining {short}
   (You took it off a kobold on level 7 of the Dungeon)
Missiles
 c - 169 stones {throwing}
 k - 41 poisoned darts {throwing}
 l - 13 javelins {throwing}
 q - 11 boomerangs {throwing}
 A - 4 atropa-tipped darts {throwing}
 N - 6 large rocks {=fthrowing}
 R - a curare-tipped dart {=fthrowing}
Armour
 m - a +1 robe (worn)
 r - +0 swamp dragon scales
   (You took it off Maggie on level 7 of the Dungeon)
 T - a +1 hat (worn)
   (You took it off Gastronok on level 2 of the Lair of Beasts)
Magical Staves
 p - a staff of earth {!astaff}
   (You found it on level 2 of the Dungeon)
 S - a staff of death {!astaff}
   (You found it on level 8 of the Dungeon)
Jewellery
 j - a ring of positive energy (right hand)
   (You found it on level 9 of the Dungeon)
 y - a ring of positive energy (left hand)
   (You found it on level 3 of the Dungeon)
 E - an amulet of reflection
   (You found it on level 4 of the Dungeon)
 P - an amulet of magic regeneration (around neck) {@e2}
   (You found it on level 7 of the Dungeon)
 Y - the amulet "Marem" {Acrobat rElec rN++ Will- Dex+2}
   (You found it on level 12 of the Dungeon)

   [amulet of the acrobat]

   It increases your evasion while moving and waiting.
   Dex:       It affects your dexterity (+2).
   rElec:     It insulates you from electricity.
   rN:        It greatly protects you from negative energy.
   Will:      It decreases your willpower.
 Z - an amulet of guardian spirit
   (You found it on level 9 of the Dungeon)
Wands
 s - a wand of digging (8)
   (You found it on level 4 of the Dungeon)
 u - a wand of iceblast (18)
   (You found it on level 2 of the Dungeon)
 D - a wand of mindburst (11)
   (You found it on level 4 of the Dungeon)
 I - a wand of acid (17)
   (You found it on level 5 of the Dungeon)
 M - a wand of charming (12)
   (You found it on level 7 of the Dungeon)
Scrolls
 f - 4 scrolls of butterflies
 n - 7 scrolls of blinking {!r}
 v - 2 scrolls of fear
 z - 3 scrolls of teleportation {@r4}
 C - 5 scrolls of vulnerability {!r!r}
 V - 3 scrolls of magic mapping {!r}
Potions
 b - 3 potions of magic
 d - 3 potions of ambrosia
 e - 7 potions of lignification {!q}
 h - 11 potions of curing {@q1}
 i - a potion of attraction {!q}
 o - a potion of degeneration {unknown}
 t - 6 potions of haste {@q3}
 w - 4 potions of brilliance
 x - 4 potions of invisibility
 J - 2 potions of berserk rage {!q}
 L - 5 potions of flight
 O - 2 potions of cancellation
 U - a potion of heal wounds {@q2}
 W - 3 potions of might
 X - 2 potions of mutation {unknown}
Miscellaneous
 K - a piece from Xom's chessboard (15/15)
   (You found it on level 1 of the Lair of Beasts)

Dungeon Overview and Level Annotations

Branches:
Dungeon (12/15) Zot: 26203  Temple (1/1) D:7 Zot: 5948    Lair (5/5) D:9 Zot: 22741
  Swamp (0/4) Lair:2       Spider (0/4) Lair:2        Slime (0/5) Lair:4
    Orc (0/2) D:12          IceCv (visited)

Altars:
Ashenzari
Cheibriados
Dithmenos
Fedhas
Gozag
Hepliaklqana
Kikubaaqudgha
Makhleb
Okawaru
Qazlal
Ru
Sif Muna
Trog
Vehumet
Xom
Yredelemnul
Zin
The Shining One
Jiyva

Shops:
D:1 *   D:12 **

Annotations:
D:4 1 runed translucent door, Crazy Yiuf
D:5 2 transporters
D:6 3 runed translucent doors, ytrimaz's ghost, novice DjCj
Lair:1 3 runed translucent doors, exclusion: 2 oklob plants, ragingrage's ghost, journeyman TrFi
Lair:4 1 runed translucent door
Lair:5 exclusions: 3 doors and oklob plant

...................
#.........########
.##.........#
.##.........#
.##.....^...###
.##.......5s..#
.##.........Rs#
.##.........8s#######..#
.##..........s§s@......#
.............s§○§.......
#######+############....
..# ... ..# # ..# ..#
..# ###


You could see 4 redbacks and a friendly lightning spire (summoned, sheltered).


Message History

Your hound closely misses the wraith.
Agathoclea hits the wraith with a +0 quarterstaff!!
The wraith is destroyed!
Unknown command.
Your lightning spire disappears in a puff of smoke!
Found a stone staircase leading down.
Unknown command.
Your hound is no longer moving slowly.
W - 3 potions of might (gained 1)
You swap places.
You swap places.
You swap places.
You open the door.
There is an open door here.
Your guardian golem disappears in a puff of smoke!
You swap places.
q - 11 boomerangs {throwing} (gained 4)
You swap places.
A basket of spiders falls from above!
Your shadow imp hits the redback. 7 redbacks come into view.
Danger!
Unknown command.
Casting: Summon Lightning Spire (mildly dangerous; 3% risk of failure)
Confirm with . or Enter, or press ? or * to list all spells.
Your hound disappears in a puff of smoke!
The redback bites Agathoclea!
The redback closely misses Agathoclea.
The redback bites Agathoclea!
Agathoclea hits the redback with a +0 quarterstaff!!
Your shadow imp hits the redback.
Casting: Call Canine Familiar (safe; 1% risk of failure)
Confirm with . or Enter, or press ? or * to list all spells.
A guardian golem appears, shielding your allies.
The redback bites Agathoclea!
The redback bites Agathoclea.
The redback bites you!
The redback bites Agathoclea!
Your wolf misses the redback.
Agathoclea hits the redback with a +0 quarterstaff!
The redback dies!
The redback bites Agathoclea!
The redback bites you.
You are poisoned.
The redback poisons you! The redback barely misses you.
Your shadow imp hits the redback.
The redback bites you but does no damage.
Casting: Summon Guardian Golem (safe; 1% risk of failure)
Confirm with . or Enter, or press ? or * to list all spells.
An electric hum fills the air.
You feel extremely sick.
Your wolf closely misses the redback.
The redback bites you!
You are more poisoned.
The redback poisons you! The redback bites you!
You are lethally poisoned!
The redback poisons you!
The redback closely misses Agathoclea.
The redback barely misses you.
The redback barely misses your lightning spire.
The redback bites you!
You are more poisoned.
The redback poisons you!
Your wolf closely misses the redback.
Agathoclea casts a spell at the redback.
The puff of frost hits the redback!
Your shadow imp closely misses the redback.
You swap places.
* * * LOW HITPOINT WARNING * * *
You feel extremely sick.
Your wolf barely misses the redback.
The redback completely misses your wolf.
The redback closely misses Agathoclea.
Something bites your lightning spire but does no damage.
The redback bites your wolf! The redback bites your wolf.
Your wolf looks as sick as possible!
The redback poisons your wolf! The redback barely misses you.
Agathoclea casts a spell at the redback.
The puff of frost misses the redback.
Your wolf barely misses the redback.
Your guardian golem overheats!
Something bites your lightning spire! Flame seeps out of your guardian golem.
The redback closely misses you.
Your shadow imp barely misses the redback.
The redback closely misses your wolf.
Your lightning spire shoots out a bolt of lightning at the redback!
The bolt of electricity hits the redback! x2
The bolt of electricity hits your lightning spire.
Your lightning spire completely resists.
The redback barely misses your wolf. The redback bites your lightning spire!
Flame seeps out of your guardian golem.
The redback bites Agathoclea!
Flame seeps out of your guardian golem.
* * * LOW HITPOINT WARNING * * *
You feel extremely sick.
Your wolf barely misses the redback.
The redback bites your lightning spire. Flame seeps out of your guardian golem.
Agathoclea has departed this plane of existence.
Flame seeps out of your guardian golem.
Something bites your lightning spire but does no damage.
The redback bites your wolf! Flame seeps out of your guardian golem.
The redback barely misses your wolf.
Your guardian golem is engulfed in blazing flames.
Your guardian golem disappears in a puff of smoke!
The fiery explosion engulfs your wolf!!
Your wolf dies!
Your wolf's corpse disappears in a puff of smoke!
The fiery explosion engulfs the redback!!
The fiery explosion engulfs you!
You die...

Skill      XL: |  1  2  3  4  5  6  7  8  9 10 11 12 13 |
---------------+----------------------------------------+-----
Fighting       | 1 2 3 4 6 8 9 11 13 | 13.2
Spellcasting   | 3 4 5 7 8 9 10 | 10.0
Summonings     | 4 5 6 7 8 |  8.2
Maces & Flails | 1 2 3 4 5 6 7 9 12 | 12.1
Hexes          | 1 2 3 |  3.0
Air Magic      | 1 3 4 5 7 |  7.0
Invocations    | 3 7 8 |  8.3
Dodging        | 2 |  2.6
Earth Magic    | 1 |  1.4
Stealth        | |  1.4

Action                   |  1- 3 |  4- 6 |  7- 9 | 10-12 | 13-15 || total
-------------------------+-------+-------+-------+-------+-------++-------
Melee: Unarmed           |    39 |       |       |       |       ||    39
       Whip              |    40 |    68 |       |       |       ||   108
       Punch             |     1 |     2 |       |       |       ||     3
       Giant club        |       |    21 |   132 |   106 |    31 ||   290
       Giant spiked club |       |       |       |       |    13 ||    13
 Cast: Summon Small Mamm |    16 |    18 |    25 |    52 |    28 ||   139
       Call Imp          |     5 |    19 |    21 |    26 |    14 ||    85
       Call Canine Famil |     2 |    10 |    35 |    42 |    24 ||   113
       Summon Guardian G |       |       |    27 |    40 |    24 ||    91
       Summon Lightning  |       |       |    15 |    49 |    30 ||    94
Invok: Recall Ancestor   |       |       |     1 |     1 |     1 ||     3
       Ancestor Life: Ba |       |       |       |     1 |       ||     1
  Use: Scroll            |     4 |     5 |     8 |     4 |     4 ||    25
       Potion            |       |     1 |     3 |     2 |     2 ||     8
 Stab: Distracted        |     1 |     1 |     3 |     4 |     2 ||    11
Armor: Robe              |    49 |    26 |    52 |    43 |    23 ||   193
Dodge: Dodged            |    61 |    55 |    62 |    68 |    49 ||   295
Block: Other             |       |       |    39 |       |       ||    39
       Reflection        |       |       |     2 |       |       ||     2

Levels and vault maps discovered:
D:1:      minmay_arrival_cross, layout_rooms, serial_forest,
          infiniplex_forest_clump_curved, infiniplex_forest_zigzag_1,
          infiniplex_forest_end_2, infiniplex_forest_straight_2,
          infiniplex_forest_clump_medium, infiniplex_forest_clump_large,
          serial_shops, shop
D:2:      wad_woods_pond, layout_basic, nrook_mini_vaults,
          chequers_serial_rivers_small_3, uniq_terence, uniq_natasha
D:3:      layout_loops_ring, minmay_overflow_temple_star_quad
D:4:      layout_loops_corners, gammafunk_temple_overflow_forgotten,
          kiku_gazebo_garden_becter, minmay_misc_feat_rows,
          uniq_crazy_yiuf_cottage
D:5:      gammafunk_steamed_eel, layout_layer_cave,
          mainiacjoe_overflow_alcove_1, minmay_misc_feat_columns, uniq_duvessa
D:6:      layout_basic, nicolae_yredelemnul_ghost_church
D:7:      layout_basic, minmay_temple_entry_drinking_statues, enter_bailey_3,
          minmay_misc_feat_more_columns, uniq_maggie
D:8:      layout_gridville, onia_ninara_dug_in_and_dangerous
D:9:      layout_irregular_city, lair_entry_dummy, uniq_pikel
D:10:     layout_roguey, mainiacjoe_overflow_tiny_flanked
D:11:     layout_irregular_city, hangedman_decor_clover_reticule, uniq_urug
D:12:     layout_stronghold, zombieorc2_lemuel, portal_ice_cave_entry_imps,
          nicolae_specific_store, drop_trap, st_stairs_6
Temple:   hc_temple_tempest_star
Lair:1:   layout_regular_city, gammafunk_ghost_icy, disabler_island
Lair:2:   layout_long_grid, minmay_swamp_entry_swarm, spider_nest_entry_a,
          nicolae_lair_lil_pond, st_stairs_11, serial_bayou_lagoon_b,
          uniq_gastronok
Lair:3:   layout_gridlike
Lair:4:   layout_regular_city, slime_entry_2
Lair:5:   due_jungle_book, layout_regular_city, tgw_fedhas,
          serial_bayou_shore_a, lemuel_fruit_tree

Notes
Turn   | Place    | Note
-------+----------+-------------------------------------------
     0 | D:1      | Sobieck the Ogre Summoner began the quest for the Orb.
     0 | D:1      | Reached XP level 1. HP: 16/16 MP: 3/3
   161 | D:1      | Reached skill level 1 in Fighting
   168 | D:1      | HP: 2/19 [ball python (3)]
   170 | D:1      | Reached XP level 2. HP: 3/27 MP: 1/5
   196 | D:1      | Learned a level 2 spell: Call Imp
   547 | D:1      | Reached skill level 3 in Spellcasting
   547 | D:1      | Reached XP level 3. HP: 33/35 MP: 5/7
   589 | D:1      | Learned a level 3 spell: Call Canine Familiar
   663 | D:1      | Reached skill level 2 in Fighting
   683 | D:1      | Found Darenid's General Store.
  1027 | D:2      | Noticed Terence
  1037 | D:2      | Killed Terence
  1038 | D:2      | Reached skill level 4 in Summonings
  1126 | D:2      | Identified the +1 ring mail of Beyond {Rampage Will+
                  | Stlth+}
  1296 | D:1      | Bought a scroll of magic mapping for 75 gold pieces
  1369 | D:2      | Reached XP level 4. HP: 40/44 MP: 2/8
  1380 | D:2      | Reached skill level 1 in Maces & Flails
  1460 | D:2      | Noticed Natasha
  1468 | D:2      | Killed Natasha
  1497 | D:2      | Learned a level 3 spell: Summon Guardian Golem
  1555 | D:2      | Noticed Natasha
  1566 | D:2      | Killed Natasha
  1567 | D:2      | Reached skill level 3 in Fighting
  1567 | D:2      | Reached XP level 5. HP: 53/53 MP: 7/10
  2455 | D:3      | Found a snail-covered altar of Cheibriados.
  2457 | D:3      | Found a sacrificial altar of Ru.
  2463 | D:3      | Found a burning altar of Makhleb.
  2819 | D:3      | Reached skill level 1 in Hexes
  3215 | D:4      | Found an ancient bone altar of Kikubaaqudgha.
  3288 | D:4      | Reached skill level 4 in Spellcasting
  3288 | D:4      | Reached XP level 6. HP: 52/61 MP: 8/12
  3369 | D:4      | Reached skill level 4 in Fighting
  3369 | D:4      | Reached skill level 2 in Maces & Flails
  3543 | D:4      | Learned a level 4 spell: Summon Lightning Spire
  3587 | D:4      | Found a glowing silver altar of Zin.
  3587 | D:4      | Found a shimmering blue altar of Sif Muna.
  3589 | D:4      | Found a blossoming altar of Fedhas.
  3660 | D:4      | Reached skill level 2 in Hexes
  4260 | D:4      | Reached XP level 7. HP: 70/70 MP: 7/13
  4527 | D:4      | Found a runed translucent door.
  4528 | D:4      | Noticed Crazy Yiuf
  4558 | D:5      | Entered Level 5 of the Dungeon
  4586 | D:5      | Reached skill level 5 in Summonings
  4663 | D:5      | Reached skill level 3 in Maces & Flails
  4741 | D:5      | Reached skill level 3 in Hexes
  4993 | D:5      | Reached skill level 1 in Air Magic
  5112 | D:5      | Noticed Dowan
  5113 | D:5      | Noticed Duvessa
  5120 | D:5      | Killed Dowan
  5121 | D:5      | Reached XP level 8. HP: 76/79 MP: 2/14
  5127 | D:5      | Killed Duvessa
  5164 | D:5      | Reached skill level 5 in Fighting
  5655 | D:5      | Reached skill level 2 in Air Magic
  5726 | D:5      | Found a transporter.
  5782 | D:5      | Found a transporter.
  5855 | D:5      | Reached skill level 5 in Spellcasting
  6163 | D:5      | Found an iron altar of Okawaru.
  6680 | D:6      | Reached skill level 4 in Maces & Flails
  7137 | D:6      | Found a runed translucent gate.
  7137 | D:6      | Found a runed translucent gate.
  7137 | D:6      | Found a runed translucent gate.
  7137 | D:6      | Noticed ytrimaz's ghost (novice DjCj)
  7140 | D:6      | Found a basalt altar of Yredelemnul.
  7154 | D:6      | Reached skill level 6 in Fighting
  7217 | D:6      | You add the spells Tukima's Dance, Passage of Golubria and
                  | Yara's Violent Unravelling to your library.
  7449 | D:6      | Reached skill level 6 in Summonings
  7449 | D:6      | Reached skill level 3 in Air Magic
  7449 | D:6      | Reached XP level 9. HP: 72/89 MP: 17/17
  7896 | D:7      | HP: 20/92 [something (5)]
  7898 | D:7      | HP: 6/92 [sky beast (6)]
  8193 | D:7      | HP: 21/92 [something/ball of steam (5)]
  8196 | D:7      | HP: 7/92 [something] (4)]
  8202 | D:7      | Reached skill level 6 in Spellcasting
  8203 | D:7      | Noticed Maggie
  8212 | D:7      | Killed Maggie
  8213 | D:7      | Reached skill level 7 in Fighting
  8213 | D:7      | Reached skill level 5 in Maces & Flails
  8500 | D:7      | Found a staircase to the Ecumenical Temple.
  8507 | Temple   | Entered the Ecumenical Temple
  8543 | Temple   | Became a worshipper of Hepliaklqana the Forgotten
  8759 | D:7      | Reached skill level 4 in Air Magic
  9262 | D:8      | HP: 21/93 [orc priest/+0 flail (6)]
  9268 | D:8      | HP: 12/93 [orc priest/+0 flail (3)]
  9585 | D:8      | You pick up a book of Flames and begin reading...
  9585 | D:8      | You add the spells Inner Flame, Sticky Flame and Flame Wave
                  | to your library.
  9718 | D:8      | Noticed an ogre mage
  9723 | D:8      | Noticed a meliai
  9744 | D:8      | Noticed a gargoyle
  9744 | D:8      | Noticed a kobold demonologist
  9746 | D:8      | Noticed a troll
  9753 | D:8      | You pick up a book of Armaments and begin reading...
  9753 | D:8      | You add the spells Stone Arrow, Animate Armour and
                  | Lehudib's Crystal Spear to your library.
  9799 | D:8      | Reached * piety under Hepliaklqana
 10410 | D:9      | Noticed a two-headed ogre
 10424 | D:9      | Killed a two-headed ogre
 10425 | D:9      | Reached skill level 8 in Fighting
 10425 | D:9      | Reached skill level 7 in Spellcasting
 10425 | D:9      | Reached skill level 7 in Summonings
 10425 | D:9      | Reached XP level 10. HP: 93/93 MP: 4/20
 10612 | D:9      | Noticed Pikel
 10625 | D:9      | Killed Pikel
 10703 | D:9      | Found a staircase to the Lair.
 10852 | D:9      | Reached skill level 6 in Maces & Flails
 10852 | D:9      | Reached skill level 5 in Air Magic
 11043 | D:9      | Noticed a two-headed ogre
 11049 | D:9      | Killed a two-headed ogre
 11336 | D:10     | Entered Level 10 of the Dungeon
 11336 | D:10     | Reached ** piety under Hepliaklqana
 11398 | D:10     | Reached skill level 9 in Fighting
 12027 | D:10     | Found a glowing golden altar of the Shining One.
 12266 | D:10     | Reached skill level 8 in Spellcasting
 12602 | D:11     | Noticed a gargoyle
 12714 | Lair:1   | Entered Level 1 of the Lair of Beasts
 12727 | Lair:1   | You pick up a book of Death and begin reading...
 12727 | Lair:1   | You add the spells Animate Dead, Haunt and Infestation to
                  | your library.
 12732 | Lair:1   | You pick up a book of Dreams and begin reading...
 12732 | Lair:1   | You add the spells Ensorcelled Hibernation, Spider Form and
                  | Anguish to your library.
 12785 | Lair:1   | Noticed an oklob plant
 12799 | Lair:1   | Noticed a black mamba
 12808 | Lair:1   | Killed a black mamba
 12809 | Lair:1   | Reached XP level 11. HP: 103/103 MP: 18/23
 12879 | Lair:1   | Found a runed translucent gate.
 12879 | Lair:1   | Found a runed translucent gate.
 12880 | Lair:1   | Found a runed translucent gate.
 12959 | Lair:1   | Noticed ragingrage's ghost (journeyman TrFi)
 12962 | Lair:1   | Remembered your ancestor Agathoclea as a battlemage
 13024 | Lair:1   | Reached *** piety under Hepliaklqana
 13030 | Lair:1   | Noticed an oklob plant
 13117 | Lair:1   | Reached skill level 8 in Summonings
 13117 | Lair:1   | Reached skill level 6 in Air Magic
 13651 | Lair:2   | Reached skill level 7 in Maces & Flails
 13723 | Lair:2   | Reached skill level 10 in Fighting
 13747 | Lair:1   | HP: 23/105 [jumping spider (4)]
 13861 | Lair:2   | Reached **** piety under Hepliaklqana
 13891 | Lair:2   | Reached skill level 9 in Spellcasting
 13910 | Lair:2   | Found a staircase to the Swamp.
 13922 | Lair:2   | Reached skill level 1 in Invocations
 14104 | Lair:2   | Reached skill level 2 in Invocations
 14116 | Lair:2   | Found a hole to the Spider Nest.
 14122 | Lair:2   | You add the spells Kindle Blastsparks, Ignite Poison and
                  | Freezing Cloud to your library.
 14276 | Lair:2   | Reached skill level 7 in Air Magic
 14369 | Lair:2   | HP: 15/107 [komodo dragon (13)]
 14372 | Lair:2   | Reached skill level 3 in Invocations
 14671 | Lair:2   | Reached skill level 11 in Fighting
 14720 | Lair:2   | Reached XP level 12. HP: 74/117 MP: 25/25
 14730 | Lair:2   | Reached skill level 8 in Maces & Flails
 14935 | Lair:2   | You fall into a shaft and drop 1 floor!
 15228 | Lair:2   | Noticed Gastronok
 15248 | Lair:2   | Killed Gastronok
 15249 | Lair:2   | Reached skill level 10 in Spellcasting
 15249 | Lair:2   | Reached skill level 4 in Invocations
 15753 | Lair:3   | Reached skill level 12 in Fighting
 15753 | Lair:3   | Reached skill level 5 in Invocations
 16257 | Lair:3   | Reached ***** piety under Hepliaklqana
 16280 | Lair:3   | You pick up a book of the Spheres and begin reading...
 16280 | Lair:3   | You add the spells Iskenderun's Battlesphere, Fireball,
                  | Conjure Ball Lightning and Orb of Destruction to your
                  | library.
 16640 | Lair:4   | Reached skill level 9 in Maces & Flails
 16640 | Lair:4   | Reached skill level 6 in Invocations
 16773 | Lair:4   | Noticed a catoblepas
 16790 | Lair:4   | Killed a catoblepas
 16793 | Lair:4   | Reached skill level 13 in Fighting
 16806 | Lair:4   | Reached skill level 7 in Invocations
 16809 | Lair:4   | HP: 28/121 [poisoned by a water moccasin]
 16814 | Lair:4   | HP: 24/122 [poisoned by a water moccasin]
 17199 | Lair:4   | Reached XP level 13. HP: 129/129 MP: 23/27
 17417 | Lair:4   | Found a runed translucent door.
 17417 | Lair:4   | Found a viscous altar of Jiyva.
 17818 | Lair:4   | Found a staircase to the Slime Pits.
 17839 | Lair:5   | Entered Level 5 of the Lair of Beasts
 17848 | Lair:5   | Reached skill level 10 in Maces & Flails
 17852 | Lair:5   | Reached skill level 8 in Invocations
 17858 | Lair:4   | HP: 32/129 [water moccasin (6)]
 17860 | Lair:4   | HP: 11/129 [wolf (8)]
 18618 | Lair:5   | Found a blossoming altar of Fedhas.
 18725 | Lair:5   | Noticed a dire elephant
 18725 | Lair:5   | Noticed a dire elephant
 18733 | Lair:5   | Reached skill level 11 in Maces & Flails
 18754 | Lair:5   | HP: 32/129 [komodo dragon (20)]
 19139 | Lair:5   | You pick up a book of Geomancy and begin reading...
 19139 | Lair:5   | You add the spells Sandblast and Passwall to your library.
 19155 | Lair:5   | Found the +3 pair of gauntlets of War {Slay+5}
 20058 | D:11     | Reached skill level 12 in Maces & Flails
 20063 | D:11     | Learned a level 4 spell: Animate Armour
 20497 | D:11     | Noticed Urug
 20506 | D:11     | Killed Urug
 20507 | D:11     | Reached skill level 2 in Dodging
 20702 | D:12     | You pick up a book of Transfigurations {@e2} and begin
                  | reading...
 20702 | D:12     | You add the spells Irradiate, Blade Hands and Dragon Form
                  | to your library.
 20727 | D:12     | Found a frozen archway.
 20742 | IceCv    | Entered an ice cave
 21127 | D:12     | Reached skill level 1 in Earth Magic
 21145 | D:12     | Found Hoivot's General Store.
 21146 | D:12     | Identified the amulet "Marem" {Acrobat rElec rN++ Will-
                  | Dex+2}
 21150 | D:12     | Found Poperph's Specific Store.
 21157 | D:12     | Bought a scroll of identify for 24 gold pieces
 21157 | D:12     | Bought a scroll of blinking for 90 gold pieces
 21157 | D:12     | Bought a scroll of blinking for 90 gold pieces
 21244 | D:12     | Found a staircase to the Orcish Mines.
 21724 | D:12     | HP: 16/129 [poisoned by a redback]
 21724 | D:12     | Killed by an exploding themself... ignited by their inner
                  | flame

Vanquished Creatures
  A catoblepas (Lair:4)
  4 elephants
  Maggie (D:7)
  A rime drake (Lair:5)
  A komodo dragon (Lair:2)
  A blink frog (Lair:4)
  A wraith (D:10)
  2 shadows
  2 yaks
  A vampire mosquito (Lair:2)
  A water moccasin (Lair:4)
  A black bear (D:6)
  An ice beast (D:5)
  A sky beast (D:6)
  A centaur (D:6)
  A phantom (D:5)
  A wolf (Lair:2)
  A kobold brigand (D:7)
  A bullfrog (Lair:4)
  A water moccasin zombie (D:6)
  A scorpion (D:5)
  3 howler monkeys (D:9)
  A bullfrog zombie (D:6)
  2 orc priests
  4 iguanas
  An orc wizard (D:5)
  An ogre zombie (D:12)
  2 adders
  A shadow imp (D:5)
  A white imp (D:6)
  2 ufetubi
  A dart slug (D:2)
  8 orcs
  4 ball pythons
  3 bats
  5 endoplasms
  A giant cockroach (D:1)
  4 goblins
  3 hobgoblins
  2 frilled lizards (D:2)
  A goblin skeleton (D:12)
  6 kobolds
  2 rats (D:2)
84 creatures vanquished.

Vanquished Creatures (collateral kills)
  Gastronok (Lair:2)
  A boulder beetle (D:12)
  3 two-headed ogres
  Urug (D:11)
  2 spectral death yaks (Lair:5)
  Pikel (D:9)
  8 elephants
  4 black mambas
  A dire elephant zombie (Lair:5)
  A gargoyle (D:11)
  3 cane toads
  5 komodo dragons
  A rime drake (Lair:2)
  A dire elephant skeleton (Lair:5)
  A kobold demonologist (D:12)
  An ice devil (IceCv)
  A polar bear (Lair:1)
  15 blink frogs
  A jumping spider (Lair:1)
  2 wraiths
  4 wyverns
  22 yaks
  2 shadows
  2 basilisks (Lair:3)
  5 vampire mosquitoes (Lair:2)
  2 redbacks
  3 acid dragons
  10 water moccasins
  A sky beast (D:7)
  5 orc warriors
  2 ogres (D:4)
  8 wolves
  A centaur (D:8)
  2 lemures (D:9)
  6 bullfrogs
  A phantom (D:12)
  2 kobold brigands
  2 scorpions
  Dowan (D:5)
  2 troll zombies (D:12)
  6 killer bees (D:10)
  An elephant simulacrum (IceCv)
  2 howler monkeys
  3 electric eels
  A jelly (D:8)
  A hound (D:5)
  2 orc priests
  4 iguanas
  6 orc wizards
  Natasha (twice) (D:2)
  Terence (D:2)
  5 hell rats (Lair:4)
  A troll simulacrum (IceCv)
  5 ogre zombies (D:12)
  3 adders
  4 gnolls (D:2)
  A naga simulacrum (IceCv)
  11 white imps
  An ufetubus (D:7)
  A dart slug (D:2)
  24 orcs
  4 endoplasms
  2 hobgoblins (D:1)
  12 kobolds
  3 quokkas
  7 ball pythons
  2 bats
  2 frilled lizards
  2 goblins
  2 goblin zombies (D:12)
  3 hobgoblin skeletons (D:12)
  2 orc skeletons (D:12)
  17 orc zombies (D:12)
  4 rats
284 creatures vanquished.

Vanquished Creatures (others)
  A two-headed ogre (D:9)
  2 elephants (Lair:3)
  A komodo dragon (Lair:5)
  2 blink frogs (Lair:4)
  A jumping spider (Lair:2)
  3 yaks (Lair:2)
  A steam dragon (D:7)
  A death yak simulacrum (IceCv)
  3 water moccasins
  Duvessa (D:5)
  A two-headed ogre simulacrum (IceCv)
  7 battlemagi
  2 hell rats (Lair:4)
  An iguana (D:6)
  An orc wizard (D:7)
  A troll simulacrum (IceCv)
  4 ancestors
  3 white imps (D:12)
  4 orcs
  3 bushes (Lair:4)
  30 fungi
  85 plants
  10 withered plants (Lair:5)
168 creatures vanquished.

Grand Total: 536 creatures vanquished

Table legend:
 A = Non-vault XP
 B = Vault XP
 C = Vault XP percentage of total XP
 D = Non-vault monster count
 E = Vault monster count
 F = Vault count percentage of total count
                 A         B        C        D         E       F
            +---------+---------+-------+---------+---------+-------
      Total |   38907 |   11448 |  22.7 |     304 |      91 |  23.0
            +---------+---------+-------+---------+---------+-------
        D:1 |      42 |       0 |   0.0 |      25 |       0 |   0.0
        D:2 |     118 |      74 |  38.5 |      21 |       3 |  12.5
        D:3 |      70 |       0 |   0.0 |      13 |       0 |   0.0
        D:4 |     402 |       0 |   0.0 |      12 |       0 |   0.0
        D:5 |     903 |     212 |  19.0 |      21 |       2 |   8.7
        D:6 |     517 |     127 |  19.7 |      10 |       2 |  16.7
        D:7 |     967 |     396 |  29.1 |      21 |       5 |  19.2
        D:8 |     394 |       0 |   0.0 |      19 |       0 |   0.0
        D:9 |    2788 |     641 |  18.7 |      17 |       1 |   5.6
       D:10 |    1252 |       0 |   0.0 |      22 |       0 |   0.0
       D:11 |    1639 |     796 |  32.7 |       4 |       1 |  20.0
       D:12 |    2416 |    1119 |  31.7 |       5 |      49 |  90.7
     Lair:1 |    1661 |     223 |  11.8 |       7 |       1 |  12.5
     Lair:2 |    6805 |    3828 |  36.0 |      34 |      12 |  26.1
     Lair:3 |    5407 |       0 |   0.0 |      17 |       0 |   0.0
     Lair:4 |    7458 |       0 |   0.0 |      34 |       0 |   0.0
     Lair:5 |    6068 |    3280 |  35.1 |      22 |       6 |  21.4
      IceCv |       0 |     752 | 100.0 |       0 |       9 | 100.0
            +---------+---------+-------+---------+---------+-------

Illustrated notes

Table legend:
 A = Kills in this place as a percentage of kills in entire the game.
 B = Kills by you in this place as a percentage of kills by you in the entire game.
 C = Kills by friends in this place as a percentage of kills by friends in the entire game.
 D = Other kills in this place as a percentage of other kills in the entire game.
 E = Experience gained in this place as a percentage of experience gained in the entire game.
 F = Experience gained in this place divided by the number of levels of this place that you have seen.
                   A       B       C       D       E      F
               +-------+-------+-------+-------+-------+----------------------
         Total | 100.0 | 100.0 | 100.0 | 100.0 | 100.0 | 2650.3
       Dungeon |  64.1 |  83.3 |  60.3 |  44.8 |  29.5 | 1239.4
          Lair |  33.7 |  16.7 |  37.6 |  44.8 |  69.0 | 6946.0
      Ice Cave |   2.3 |   0.0 |   2.1 |  10.3 |   1.5 | 752.0
               +-------+-------+-------+-------+-------+----------------------

Table legend: (Time is in decaauts)
 A = Elapsed time spent in this place.
 B = Non-inter-level travel time spent in this place.
 C = Inter-level travel time spent in this place.
 D = Time resting spent in this place.
 E = Time spent auto-exploring this place.
 F = Levels seen in this place.
 G = Mean time per level.
                   A        B        C        D        E       F      G
               +--------+--------+--------+--------+--------+-----+--------+
         Total |  21868 |  20928 |    940 |   4175 |  13153 |  19 | 1150.9 |
       Dungeon |  14323 |  13692 |    631 |   1896 |   9531 |  12 | 1193.6 |
        Temple |     51 |     36 |     15 |      0 |     14 |   1 |   51.0 |
          Lair |   7258 |   6964 |    294 |   2131 |   3608 |   5 | 1451.6 |
      Ice Cave |    233 |    233 |      0 |    148 |      0 |   1 |  233.0 |
               +--------+--------+--------+--------+--------+-----+--------+

Top non-repeatable levels by time:
     D:5: 1951 daAuts
  Lair:2: 1771 daAuts
  Lair:4: 1639 daAuts
  Lair:3: 1419 daAuts
  Lair:5: 1417 daAuts
     D:6: 1410 daAuts
    D:10: 1410 daAuts
     D:4: 1378 daAuts
     D:8: 1305 daAuts
     D:2: 1171 daAuts
     D:1: 1153 daAuts
     D:7: 1082 daAuts
     D:9: 1069 daAuts
  Lair:1: 1011 daAuts
     D:3: 877 daAuts
